 Dungeon Crawl Stone Soup version 0.31-a0-182-gc5ef74bbde (webtiles) character file.

Game seed: 10236335036703931508

72 qw the Chopper (level 4, -2/28 HPs)
             Began as a Gargoyle Fighter on June 20, 2023.
             Slain by Sigmund
             ... wielding a +5 scythe of distortion
              (9 damage)
             ... on level 2 of the Dungeon.
             The game lasted 00:00:27 (1003 turns).

qw the Chopper (Gargoyle Fighter)                   Turns: 1003, Time: 00:00:27

Health: -2/28      AC: 10    Str: 21    XL:     4   Next: 25%
Magic:  4/4        EV: 10    Int:  9    God:
Gold:   12         SH:  5    Dex: 15    Spells: 3/3 levels left

rFire   . . .        Y - +0 war axe
rCold   . . .        c - +0 buckler
rNeg    + . .        b - +0 scale mail
rPois   inf          (no helmet)
rElec   +            (no cloak)
rCorr   .            (no gloves)
SInv    .            (no boots)
Will    .....        (no amulet) Stlth
                     j - +6 ring of dexterity
HPRegen 0.24/turn    (no ring)
MPRegen 0.09/turn

%: no passive effects
@: no status effects
A: sickness immunity, AC +3, negative energy resistance 1, electricity
resistance, torment resistance 1, petrification resistance
a: no special abilities


You were on level 2 of the Dungeon.
You visited 1 branch of the dungeon, and saw 2 of its levels.

You collected 12 gold pieces.


Innate Abilities, Weirdness & Mutations

You are immune to sickness and miasma.
Your stone body is resilient. (AC +3)
You are immune to poison.
You resist negative energy. (rN+)
You are resistant to electric shocks. (rElec)
You are resistant to unholy torment.
You are immune to petrification.


   Skills:
 - Level 3.2 Fighting
 + Level 3.3 Axes
 - Level 3.2 Armour
 - Level 1.7 Dodging
 - Level 3.2 Shields


You had 3 spell levels left.
You didn't know any spells.
Your spell library was empty.

Inventory:

Hand Weapons
 h - a +0 mace
 Y - a +0 war axe (weapon)
Armour
 b - a +0 scale mail (worn)
 c - a +0 buckler (worn)
Jewellery
 j - a +6 ring of dexterity (left hand)
Potions
 d - a potion of might
 e - a potion of haste {unknown}
 g - a potion of curing {unknown}
 i - a potion of degeneration {unknown}

Dungeon Overview and Level Annotations

Branches:
Dungeon (2/15)

Altars:

Annotations:
D:2 Sigmund


Message History

You barely miss the kobold. You barely miss the adder.
You block the adder's attack.
Sigmund gestures wildly while chanting.
Sigmund flickers and vanishes!
Deactivating autopickup; reactivate with Ctrl-A.
You block the kobold's attack. The adder bites you but does no damage.
The kobold hits you but does no damage.
You miss the adder. You closely miss the rat.
You hit the kobold but do no damage. The adder bites you.
The kobold hits you but does no damage. You block the rat's attack.
The adder closely misses you.
You hit the adder.
The adder is lightly wounded.
You hit the kobold.
You kill the kobold!
You hit the rat but do no damage. The adder barely misses you.
The rat barely misses you. You block something's attack.
The adder barely misses you.
You closely miss the adder.
The adder is lightly wounded.
You slash the rat!
You kill the rat!
You block the adder's attack. Something hits you! Space warps around you.
You miss the adder.
The adder is lightly wounded.
The adder misses you. The adder barely misses you. Something hits you.
You blink.
The adder bites you. Something hits you!
You blink.
An adder comes into view.
Enter note:
Enter note:
Enter note:
Enter note: You block something's attack.
The adder closely misses you.
Enter note:
Enter note: You slash the adder!
You kill the adder!
Something hits you!
You die...

.##... ...#..###### .
###.........##..
...............S
................
#................
#.......?........
#.............#.#
#.......@....#..#
#................
#......{........#
#.....)........## ##
##....$........... ..#
####.................
#..##...................
.....#.#..............#
###.....#).............


There were no monsters in sight!

Vanquished Creatures
  Jessica (D:2)
  2 adders (D:2)
  3 bats
  An endoplasm (D:1)
  3 giant cockroaches
  4 goblins (D:1)
  5 hobgoblins (D:1)
  3 jackals (D:1)
  3 kobolds
  5 ball pythons
  A frilled lizard (D:1)
  3 rats
34 creatures vanquished.

Notes
Turn   | Place    | Note
-------+----------+-------------------------------------------
     0 | D:1      | qw the Gargoyle Fighter began the quest for the Orb.
     0 | D:1      | Reached XP level 1. HP: 14/14 MP: 1/1
     0 | D:1      | 0 ||| qw: Version: 0.3-a-9-g12657ce
     0 | D:1      | 0 ||| qw: Game counter: 1277
     0 | D:1      | 0 ||| qw: Always use a shield: true
     0 | D:1      | 0 ||| qw: God list: Okawaru
     0 | D:1      | 0 ||| qw: Allow faded altars: false
     0 | D:1      | 0 ||| qw: Do Orc after D:15 true
     0 | D:1      | 0 ||| qw: Do second Lair branch before Depths: true
     0 | D:1      | 0 ||| qw: Lair rune preference: random
     0 | D:1      | 0 ||| qw: Plans: Normal, Zot:1-4, Slime:5, God:TSO, Crypt,
                  | Tomb, Abyss, Pan, Hells, Win
     0 | D:1      | 0 ||| PLANNING D:1-11
   116 | D:1      | Reached XP level 2. HP: 19/19 MP: 2/2
   279 | D:1      | Reached skill level 3 in Axes
   300 | D:1      | 300 ||| DROPPING +0 whip.
   355 | D:1      | Found a faded altar of an unknown god.
   459 | D:1      | Reached XP level 3. HP: 23/23 MP: 3/3
   893 | D:1      | 893 ||| UPGRADING to +6 ring of dexterity.
   894 | D:1      | 894 ||| READING scroll labelled ILOZUL ZEXAUCK.
   912 | D:2      | Noticed Jessica
   928 | D:2      | Killed Jessica
   929 | D:2      | Reached skill level 1 in Dodging
   929 | D:2      | Reached XP level 4. HP: 14/28 MP: 4/4
   991 | D:2      | Noticed Sigmund
  1000 | D:2      | HP: 6/28 [something (7)]
  1003 | D:2      | Slain by Sigmund

Levels and vault maps discovered:
D:1:      co_arrival_random_square_maze, layout_basic,
          ebering_ecumenical_altar_sacrificial
D:2:      layout_rooms, minmay_tetromino_t4, uniq_sigmund, uniq_jessica,
          uniq_terence

Skill      XL: |  1  2  3 |
---------------+----------+-----
Axes           | 2 3 |  3.3
Dodging        | 1 |  1.7
Fighting       | |  3.2
Armour         | |  3.2
Shields        | |  3.2

Action                     |  1- 3 |  4- 6 || total
---------------------------+-------+-------++-------
  Melee: War axe           |    73 |     7 ||    80
    Use: Scroll            |     1 |       ||     1
 Armour: Scale mail        |    44 |     4 ||    48
  Dodge: Dodged            |    29 |     9 ||    38
  Block: Buckler           |    13 |     7 ||    20

Table legend:
 A = Non-vault XP
 B = Vault XP
 C = Vault XP percentage of total XP
 D = Non-vault monster count
 E = Vault monster count
 F = Vault count percentage of total count
                 A         B        C        D         E       F
            +---------+---------+-------+---------+---------+-------
      Total |      79 |      37 |  31.9 |      33 |       1 |   2.9
            +---------+---------+-------+---------+---------+-------
        D:1 |      45 |       0 |   0.0 |      26 |       0 |   0.0
        D:2 |      34 |      37 |  52.1 |       7 |       1 |  12.5
            +---------+---------+-------+---------+---------+-------
